 Dungeon Crawl Stone Soup version 0.31-a0-177-g4aa6249778 (webtiles) character file.

Game seed: 14299732020861703893

63 qw the Chopper (level 4, -2/28 HPs)
             Began as a Gargoyle Fighter on June 18, 2023.
             Slain by a gnoll
             ... wielding a +1 heavy flail
              (6 damage)
             ... on level 2 of the Dungeon.
             The game lasted 00:00:37 (1187 turns).

qw the Chopper (Gargoyle Fighter)                   Turns: 1187, Time: 00:00:37

Health: -2/28      AC: 10    Str: 22    XL:     4   Next: 9%
Magic:  4/4        EV:  9    Int:  8    God:
Gold:   92         SH:  4    Dex:  9    Spells: 3/3 levels left

rFire   . . .        Y - +1 war axe
rCold   . . .        c - +0 buckler
rNeg    + . .        b - +0 scale mail
rPois   inf          (no helmet)
rElec   +            (no cloak)
rCorr   .            (no gloves)
SInv    .            (no boots)
Will    .....        (no amulet) Stlth
                     (no ring)
HPRegen 0.24/turn    (no ring)
MPRegen 0.09/turn

%: no passive effects
@: no status effects
A: sickness immunity, AC +3, negative energy resistance 1, electricity
resistance, torment resistance 1, petrification resistance
a: no special abilities


You were on level 2 of the Dungeon.
You visited 1 branch of the dungeon, and saw 2 of its levels.

You collected 92 gold pieces.


Innate Abilities, Weirdness & Mutations

You are immune to sickness and miasma.
Your stone body is resilient. (AC +3)
You are immune to poison.
You resist negative energy. (rN+)
You are resistant to electric shocks. (rElec)
You are resistant to unholy torment.
You are immune to petrification.


   Skills:
 - Level 3.2 Fighting
 + Level 3.9 Axes
 - Level 3.2 Armour
 - Level 3.2 Shields


You had 3 spell levels left.
You didn't know any spells.
Your spell library was empty.

Inventory:

Hand Weapons
 a - a +0 mace
 Y - a +1 war axe (weapon)
Armour
 b - a +0 scale mail (worn)
 c - a +0 buckler (worn)
Scrolls
 f - a scroll of identify
Potions
 d - a potion of might
 h - a potion of enlightenment {unknown}
 j - a potion of curing {unknown}
 l - a potion of cancellation

Dungeon Overview and Level Annotations

Branches:
Dungeon (2/15)

Altars:
Wu Jian


Message History

1044 ||| STAIRDANCE You climb upwards.
There is a stone staircase leading down here.
Enter note:
Enter note:
Enter note:
Enter note: You start resting.
HP restored.
Done exploring.
1075 ||| READING scroll labelled JUKKO MEUM.
As you read the scroll labelled JUKKO MEUM, it crumbles to dust.
It is a scroll of enchant weapon.
Your +0 war axe glows red for a moment.
Done exploring.
1076 ||| READING scroll labelled OVUSTR DOELYNYTH.
As you read the scroll labelled OVUSTR DOELYNYTH, it crumbles to dust.
A profound silence engulfs you.
It was a scroll of silence.
You start waiting.
Your hearing returns.
Done waiting.
Done exploring.
(D) Dungeon
Where to? (* - list waypoints, Enter - D:2, ? - help)
What level of the Dungeon? (default 1, ? - help)
You climb downwards.
There is a stone staircase leading up here.
A gnoll is nearby!
Enter note:
Enter note: The gnoll throws a stone.
The stone barely misses you.
The gnoll hits you with a +1 heavy flail!!
Ouch! That really hurt!
You barely miss the gnoll.
The gnoll hits you with a +1 heavy flail!
You hit the gnoll.
The gnoll is heavily wounded.
You hit the gnoll.
The gnoll is almost dead.
The gnoll hits you with a +1 heavy flail.
You die...

######.......%...........#.#####.
#######.##).......).#.#.....
####.##..[####.###.#.####
#....##...###..# #...#
#.....#...##.%.#######
#...#.>...........#
######...#####.#.......#
#........# ###g#.......#
####..g.....# #<@.#.......#
...)........###...#.......#
.............##.#.#.......#
...........#.##...#.......#
..............#.#......####
............#.#.######.#
.....#.#........# ###
.......#.###.####
#'#..#.........#


You could see a gnoll.

Vanquished Creatures
  Natasha (D:2)
  A gnoll (D:2)
  2 dart slugs
  5 ball pythons
  A bat (D:2)
  2 endoplasms
  3 hobgoblins
  3 kobolds
  A quokka (D:1)
  2 frilled lizards (D:1)
  2 goblins (D:1)
  2 rats (D:1)
25 creatures vanquished.

Notes
Turn   | Place    | Note
-------+----------+-------------------------------------------
     0 | D:1      | qw the Gargoyle Fighter began the quest for the Orb.
     0 | D:1      | Reached XP level 1. HP: 14/14 MP: 1/1
     0 | D:1      | 0 ||| qw: Version: 0.3-a-5-g6f28e65
     0 | D:1      | 0 ||| qw: Game counter: 673
     0 | D:1      | 0 ||| qw: Always use a shield: true
     0 | D:1      | 0 ||| qw: God list: Okawaru
     0 | D:1      | 0 ||| qw: Allow faded altars: false
     0 | D:1      | 0 ||| qw: Do Orc after D:15 true
     0 | D:1      | 0 ||| qw: Do second Lair branch before Depths: true
     0 | D:1      | 0 ||| qw: Lair rune preference: random
     0 | D:1      | 0 ||| qw: Plans: Normal, Zot:1-4, Slime:5, God:TSO, Crypt,
                  | Tomb, Abyss, Pan, Hells, Win
     0 | D:1      | 0 ||| PLANNING D:1-11
    69 | D:1      | 69 ||| Stepping ~*~*~tactically~*~*~ (stealth).
   115 | D:1      | Reached XP level 2. HP: 19/19 MP: 2/2
   155 | D:1      | 155 ||| Stepping ~*~*~tactically~*~*~ (stealth).
   156 | D:1      | 156 ||| Stepping ~*~*~tactically~*~*~ (stealth).
   167 | D:1      | 167 ||| Stepping ~*~*~tactically~*~*~ (stealth).
   320 | D:1      | Found a faded altar of an unknown god.
   589 | D:1      | 589 ||| READING scroll labelled MAICEQOXIA.
   590 | D:1      | 590 ||| READING 2 scrolls labelled FOUWUOD RULEURPH.
   591 | D:1      | 591 ||| READING scroll labelled KAUHOWETURU.
   592 | D:1      | 592 ||| READING scroll labelled PEGOHI PAIBUGG.
   593 | D:1      | 593 ||| DRINKING 2 fizzy coppery potions.
   630 | D:2      | Noticed Natasha
   635 | D:2      | Killed Natasha
   636 | D:2      | Reached skill level 3 in Axes
   636 | D:2      | Reached XP level 3. HP: 19/23 MP: 3/3
   749 | D:2      | 749 ||| DROPPING +0 whip.
   771 | D:2      | Found an ornate altar of the Wu Jian Council.
   834 | D:2      | 834 ||| Stepping ~*~*~tactically~*~*~ (stealth).
   835 | D:2      | 835 ||| Stepping ~*~*~tactically~*~*~ (stealth).
   869 | D:2      | 869 ||| Stepping ~*~*~tactically~*~*~ (hiding).
  1028 | D:2      | Reached XP level 4. HP: 18/28 MP: 4/4
  1028 | D:2      | 1028 ||| FLEEEEING.
  1029 | D:2      | 1029 ||| FLEEEEING.
  1030 | D:2      | 1030 ||| FLEEEEING.
  1031 | D:2      | 1031 ||| FLEEEEING.
  1032 | D:2      | 1032 ||| FLEEEEING.
  1033 | D:2      | 1033 ||| FLEEEEING.
  1034 | D:2      | 1034 ||| FLEEEEING.
  1035 | D:2      | 1035 ||| FLEEEEING.
  1036 | D:2      | 1036 ||| FLEEEEING.
  1037 | D:2      | 1037 ||| FLEEEEING.
  1044 | D:2      | 1044 ||| STAIRDANCE
  1075 | D:1      | 1075 ||| READING scroll labelled JUKKO MEUM.
  1076 | D:1      | 1076 ||| READING scroll labelled OVUSTR DOELYNYTH.
  1185 | D:2      | HP: 3/28 [gnoll/+1 heavy flail (7)]
  1187 | D:2      | Slain by a gnoll

Levels and vault maps discovered:
D:1:      dpeg_arrival_leaves_temple_mockup, layout_rooms,
          hellmonk_ecumenical_altar_leap_of_faith, minmay_pentomino_u4
D:2:      layout_basic, basic_altar, uniq_natasha

Skill      XL: |  1  2 |
---------------+-------+-----
Axes           | 2 3 |  3.9
Fighting       | |  3.2
Armour         | |  3.2
Shields        | |  3.2

Action                     |  1- 3 |  4- 6 || total
---------------------------+-------+-------++-------
  Melee: War axe           |    84 |     3 ||    87
  Throw: Boomerang         |    12 |       ||    12
    Use: Scroll            |     4 |     2 ||     6
         Potion            |     1 |       ||     1
 Armour: Scale mail        |    30 |       ||    30
  Dodge: Dodged            |    35 |     1 ||    36
  Block: Buckler           |    20 |       ||    20

Table legend:
 A = Non-vault XP
 B = Vault XP
 C = Vault XP percentage of total XP
 D = Non-vault monster count
 E = Vault monster count
 F = Vault count percentage of total count
                 A         B        C        D         E       F
            +---------+---------+-------+---------+---------+-------
      Total |      47 |      43 |  47.8 |      20 |       5 |  20.0
            +---------+---------+-------+---------+---------+-------
        D:1 |      18 |       7 |  28.0 |      11 |       4 |  26.7
        D:2 |      29 |      36 |  55.4 |       9 |       1 |  10.0
            +---------+---------+-------+---------+---------+-------
